 Dungeon Crawl Stone Soup version 0.28-b1-1-g3c77fb2ed1 (webtiles) character file.

Game seed: 7581423796967857485

3 cayde69 the Ruffian (level 1, 0/16 HPs)
             Began as a Draconian Transmuter on Jan 28, 2022.
             Slain by a bat (1 damage)
             ... on level 1 of the Dungeon.
             The game lasted 00:02:29 (117 turns).

cayde69 the Ruffian (Draconian Transmuter)           Turns: 117, Time: 00:02:30

Health: 0/16       AC:  4    Str: 12    XL:     1   Next: 41%
Magic:  3/3        EV: 12    Int: 13    God:
Gold:   10         SH:  0    Dex: 11    Spells: 3/4 levels left

rFire   . . .      SeeInvis .     - Unarmed
rCold   . . .      Faith    .   (no shield)
rNeg    . . .      Spirit   .   (armour unavailable)
rPois   .          Reflect  .   (helmet restricted)
rElec   .          Harm     .   (no cloak)
rCorr   .          Rampage  .   (no gloves)
Will    .....                   (no boots)
Stlth   +.........              (no amulet)
HPRegen 0.05/turn               (no ring)
MPRegen 0.08/turn               (no ring)

@: no status effects
A: AC +4, unfitting armour, cold-blooded
a: no special abilities


You were on level 1 of the Dungeon.
You visited 1 branch of the dungeon, and saw 1 of its levels.

You collected 10 gold pieces.

Inventory:

Jewellery
 b - a ring of flight
Scrolls
 a - a scroll of enchant armour {unknown}
 c - a scroll of amnesia {unknown}


   Skills:
 + Level 1.1 Fighting
 + Level 1.8 Dodging
 + Level 3.1 Unarmed Combat
 + Level 2.0 Spellcasting
 + Level 2.0 Transmutations


You had 3 spell levels left.
You knew the following spells:

 Your Spells              Type           Power      Damage    Failure   Level
a - Beastly Appendage     Tmut           12%        N/A       11%         1

Your spell library contained the following spells:

 Spells                   Type           Power      Damage    Failure   Level
 Wereblood                Tmut           6%         N/A       17%         2
 Spider Form              Tmut/Pois      3%         N/A       45%         3
 Ice Form                 Ice/Tmut       3%         N/A       86%         4


Dungeon Overview and Level Annotations

Branches:
Dungeon (1/15)

Altars:


Innate Abilities, Weirdness & Mutations

Your plain brown scales are hard. (AC +4)
You cannot fit into any form of body armour.
You are cold-blooded and may be slowed by cold attacks.


Message History

You are too injured to fight recklessly!
You are too injured to fight recklessly!
You are too injured to fight recklessly!
The bat hits you. The bat hits you but does no damage.
The bat hits you but does no damage. The ball python misses you.
The ball python barely misses you. The ball python closely misses you.
The ball python misses you. Why would you want to do that?
Why would you want to do that? Why would you want to do that?
The bat hits you but does no damage. The ball python closely misses you.
The ball python barely misses you. The bat closely misses you.
The bat closely misses you. The bat barely misses you.
You miss the bat. You tail-slap the bat.
The bat is severely wounded.
The bat closely misses you. The bat hits you but does no damage.
The ball python barely misses you. x2
The endoplasm jiggles.
The ball python bites you.
* * * LOW HITPOINT WARNING * * *
The ball python grabs you. The ball python constricts you.
The bat closely misses you.
You escape the ball python's grasp.
The bat hits you but does no damage. The bat closely misses you.
The bat closely misses you. x2
The bat hits you but does no damage.
You miss the bat.
The bat is severely wounded.
The bat hits you but does no damage. The ball python bites you.
* * * LOW HITPOINT WARNING * * *
The ball python grabs you. The ball python constricts you.
The bat hits you but does no damage.
The ball python bites you but does no damage.
The ball python constricts you.
Unknown command.
You escape the ball python's grasp.
The bat misses you. The bat hits you.
You die...

≈≈###..# #......# .#.## l
≈≈≈≈(.######...#..#...... .#
≈≈≈≈≈≈##.....##...#..#...####
.≈≈#≈≈≈#≈≈#.....##...#.........
#≈≈≈≈≈≈≈≈#.....##......##..####
#≈#≈≈#≈≈#.....##..............
.. ≈≈≈≈≈ #...................###
...# #≈≈###..S................#
#....##≈#....J.b@.......†..#..#
+............####..........#...#
#.#........######..........#.#.#
#........................# #.#
#.#.##...................# #
...#. #...................# ###
#. #...........######### ..
###########.# ## #.##


You could see an endoplasm, a bat and a ball python.

Vanquished Creatures
  A bat (D:1)
  A quokka (D:1)
  A ball python (D:1)
3 creatures vanquished.

Notes
Turn   | Place    | Note
-------+----------+-------------------------------------------
     0 | D:1      | cayde69 the Draconian Transmuter began the quest for the
                  | Orb.
     0 | D:1      | Reached XP level 1. HP: 16/16 MP: 3/3
   117 | D:1      | Slain by a bat

Illustrated notes

Levels and vault maps discovered:
D:1:      heliophobic_arrival_enchanted_forest, layout_basic,
          minmay_misc_feat_rugged, minivault_4, minmay_tripent

Action                   || total
-------------------------++-------
Melee: Unarmed           ||    19
       Tailslap          ||     3
       Headbutt          ||     1
 Cast: Beastly Appendage ||     3
Armor: Skin              ||    30
Dodge: Dodged            ||    58
